| TOP OF THE 1ST |
|
Milwaukee (NYP) Brewers batting - Pitching for Williamsport Crosscutters : LHP Tim Lawson
|
|
Pitching: LHP Tim Lawson
|
|
|
Batting: RHB Jeremy Harden
|
0-0: Fly out, F9 (Flyball, 9, EV 84.4 MPH)
|
|
Batting: RHB Ryan Miller
|
0-0: Ball 1-0: Ball 2-0: Fly out, F8 (Flyball, 89D, EV 80.0 MPH)
|
|
Batting: SHB Jerry Duffy
|
0-0: Ball 1-0: Ball 2-0: Ball 3-0: SOLO HOME RUN (Flyball, 7D, EV 98.1 MPH), Distance : 385 ft
|
|
Batting: LHB Karel Hort
|
0-0: Ball 1-0: Ball 2-0: Ball 3-0: Called Strike 3-1: Fly out, F2 (Popup, 23F, EV 86.2 MPH)
|
| Top of the 1st over - 1 run, 1 hit, 0 errors, 0 left on base; Milwaukee (NYP) 1 - Williamsport 0 |
| BOTTOM OF THE 1ST |
|
Williamsport Crosscutters batting - Pitching for Milwaukee (NYP) Brewers : RHP Zack Sharp
|
|
Pitching: RHP Zack Sharp
|
|
|
Batting: RHB Ivan Barrientos
|
0-0: Foul Ball, location: 2F 0-1: Swinging Strike 0-2: Ball 1-2: Foul Ball, location: 2F 1-2: Ground out 5-3 (Groundball, 56, EV 108.1 MPH)
|
|
Batting: RHB Dave Gallegos
|
0-0: Ball 1-0: Swinging Strike 1-1: Ball 2-1: Fly out, F8 (Flyball, 8LD, EV 108.8 MPH)
|
|
Batting: LHB Emilio Ortez
|
0-0: Ball 1-0: Ball 2-0: Swinging Strike 2-1: Foul Ball, location: 2F 2-2: Strikes out looking
|
| Bottom of the 1st over - 0 runs, 0 hits, 0 errors, 0 left on base; Milwaukee (NYP) 1 - Williamsport 0 |
| TOP OF THE 2ND |
|
Milwaukee (NYP) Brewers batting - Pitching for Williamsport Crosscutters : LHP Tim Lawson
|
|
Batting: RHB Dan Allred
|
0-0: Foul Ball, location: 2F 0-1: Called Strike 0-2: Strikes out swinging
|
|
Batting: RHB Juan Villanueva
|
0-0: Ball 1-0: Called Strike 1-1: Hit by Pitch
|
|
Batting: LHB Mark Backstrom
|
0-0: Ball 1-0: Called Strike 1-1: Ball 2-1: Ball 3-1: Base on Balls Juan Villanueva to second
|
|
Batting: LHB Paul Collins
|
0-0: Called Strike 0-1: Swinging Strike 0-2: SINGLE (Groundball, 34S, EV 70.6 MPH) (infield hit) Juan Villanueva to third Mark Backstrom to second
|
|
Batting: RHB Chris Riddel
|
0-0: Ball 1-0: Ball 2-0: Called Strike 2-1: Called Strike 2-2: Ball 3-2: Fly out, F4 (Popup, 4, EV 58.1 MPH)
|
|
Batting: RHB Jeremy Harden
|
0-0: Ball 1-0: Ball 2-0: Ball 3-0: Base on Balls Juan Villanueva scores Mark Backstrom to third Paul Collins to second
|
|
Batting: RHB Ryan Miller
|
0-0: TRIPLE (Flyball, 89XD, EV 97.5 MPH) Mark Backstrom scores Paul Collins scores Jeremy Harden scores
|
|
Batting: SHB Jerry Duffy
|
0-0: Ball 1-0: Ball 2-0: Called Strike 2-1: Called Strike 2-2: Strikes out swinging
|
| Top of the 2nd over - 4 runs, 2 hits, 0 errors, 1 left on base; Milwaukee (NYP) 5 - Williamsport 0 |
| BOTTOM OF THE 2ND |
|
Williamsport Crosscutters batting - Pitching for Milwaukee (NYP) Brewers : RHP Zack Sharp
|
|
Batting: RHB Zach Slot
|
0-0: Foul Ball, location: 2F 0-1: Called Strike 0-2: Hit by Pitch
|
|
Batting: RHB Joel Gomez
|
0-0: Called Strike 0-1: Called Strike 0-2: Fielders Choice at 2nd, 4-6 (Groundball, 34, EV 86.2 MPH)
|
|
Batting: RHB Juan Valadez
|
0-0: Ball 1-0: Ball 2-0: SINGLE (Line Drive, 8RS, EV 105.0 MPH) Joel Gomez to second
|
|
Batting: RHB Eddie Serna
|
0-0: Foul Ball, location: 2F 0-1: Fly out, F8 (Flyball, 8LD, EV 88.8 MPH)
|
|
Batting: RHB Rafael Soto
|
0-0: Ball 1-0: Called Strike 1-1: Hit by Pitch Joel Gomez to third Juan Valadez to second
|
|
Batting: RHB Pete Deschamps
|
0-0: Ball 1-0: Fielders Choice at 2nd, 6-4 (Groundball, 6, EV 83.1 MPH)
|
| Bottom of the 2nd over - 0 runs, 1 hit, 0 errors, 3 left on base; Milwaukee (NYP) 5 - Williamsport 0 |
| TOP OF THE 3RD |
|
Milwaukee (NYP) Brewers batting - Pitching for Williamsport Crosscutters : LHP Tim Lawson
|
|
Batting: LHB Karel Hort
|
0-0: Foul Ball, location: 2F 0-1: Ball 1-1: Foul Ball, location: 2F 1-2: Ball 2-2: SINGLE (Groundball, 4M, EV 106.9 MPH) (infield hit)
|
|
Batting: RHB Dan Allred
|
0-0: Ball 1-0: Ball 2-0: Grounds into double play, 5-4-3 (Groundball, 56, EV 83.1 MPH)
|
|
Batting: RHB Juan Villanueva
|
0-0: Ball 1-0: Fly out, F8 (Flyball, 89S, EV 90.0 MPH)
|
| Top of the 3rd over - 0 runs, 1 hit, 0 errors, 0 left on base; Milwaukee (NYP) 5 - Williamsport 0 |
| BOTTOM OF THE 3RD |
|
Williamsport Crosscutters batting - Pitching for Milwaukee (NYP) Brewers : RHP Zack Sharp
|
|
Batting: RHB Ivan Barrientos
|
0-0: Called Strike 0-1: Fly out, F9 (Flyball, 89D, EV 97.5 MPH)
|
|
Batting: RHB Dave Gallegos
|
0-0: Foul Ball, location: 2F 0-1: Foul Ball, location: 2F 0-2: Ball 1-2: Foul Ball, location: 2F 1-2: Ground out U3 (Groundball, 3, EV 82.5 MPH)
|
|
Batting: LHB Emilio Ortez
|
0-0: Ball 1-0: Called Strike 1-1: Ball 2-1: Called Strike 2-2: Ground out 4-3 (Groundball, 4S, EV 89.4 MPH)
|
| Bottom of the 3rd over - 0 runs, 0 hits, 0 errors, 0 left on base; Milwaukee (NYP) 5 - Williamsport 0 |
| TOP OF THE 4TH |
|
Milwaukee (NYP) Brewers batting - Pitching for Williamsport Crosscutters : LHP Tim Lawson
|
|
Pitching: RHP Robert Mccabe
|
|
|
Batting: LHB Mark Backstrom
|
0-0: Ball 1-0: Ball 2-0: Called Strike 2-1: Foul Ball, location: 2F 2-2: Foul Ball, location: 2F 2-2: Strikes out swinging
|
|
Batting: LHB Paul Collins
|
0-0: Ball 1-0: Swinging Strike 1-1: Ball 2-1: Foul Ball, location: 2F 2-2: Ball 3-2: Base on Balls
|
|
Batting: RHB Chris Riddel
|
0-0: Foul Ball, location: 2F 0-1: Ball 1-1: Ball 2-1: Fly out, F8 (Flyball, 8RD, EV 106.2 MPH)
|
|
Batting: RHB Jeremy Harden
|
0-0: Ball Paul Collins steals 2nd base 1-0: SINGLE (Groundball, 6M, EV 103.8 MPH) (infield hit) Paul Collins to third
|
|
Batting: RHB Ryan Miller
|
0-0: Ball Jeremy Harden steals 2nd base 1-0: Ball 2-0: Ball 3-0: Base on Balls
|
|
Batting: SHB Jerry Duffy
|
0-0: Ball 1-0: Ball 2-0: Ball 3-0: Called Strike 3-1: Called Strike 3-2: GRAND SLAM HOME RUN (Flyball, 9D, EV 101.9 MPH), Distance : 382 ft
|
|
Pitching: RHP Robert Chauvel
|
|
|
Batting: LHB Karel Hort
|
0-0: Hit by Pitch
|
|
Batting: RHB Dan Allred
|
0-0: Ball 1-0: Swinging Strike 1-1: Hit by Pitch Karel Hort to second
|
|
Batting: RHB Juan Villanueva
|
0-0: Called Strike 0-1: Foul Ball, location: 2F 0-2: Strikes out swinging
|
| Top of the 4th over - 4 runs, 2 hits, 0 errors, 2 left on base; Milwaukee (NYP) 9 - Williamsport 0 |
| BOTTOM OF THE 4TH |
|
Williamsport Crosscutters batting - Pitching for Milwaukee (NYP) Brewers : RHP Zack Sharp
|
|
Batting: RHB Zach Slot
|
0-0: Called Strike 0-1: Ball 1-1: Foul Ball, location: 2F 1-2: Ball 2-2: Foul Ball, location: 2F 2-2: Fly out, F8 (Flyball, 8RD, EV 100.6 MPH)
|
|
Batting: RHB Joel Gomez
|
0-0: Ball 1-0: Swinging Strike 1-1: Ball 2-1: Foul Ball, location: 2F 2-2: Strikes out swinging
|
|
Batting: RHB Juan Valadez
|
0-0: Ball 1-0: Ball 2-0: Called Strike 2-1: SINGLE (Groundball, 56D, EV 96.2 MPH)
|
|
Batting: RHB Eddie Serna
|
0-0: Foul Ball, location: 2F 0-1: Ball 1-1: Called Strike 1-2: Ball 2-2: SINGLE (Line Drive, 34D, EV 103.1 MPH) Juan Valadez to second
|
|
Batting: RHB Rafael Soto
|
0-0: Ball 1-0: Foul Ball, location: 2F 1-1: Ground out 6-3 (Groundball, 56, EV 101.9 MPH)
|
| Bottom of the 4th over - 0 runs, 2 hits, 0 errors, 2 left on base; Milwaukee (NYP) 9 - Williamsport 0 |
| TOP OF THE 5TH |
|
Milwaukee (NYP) Brewers batting - Pitching for Williamsport Crosscutters : RHP Robert Chauvel
|
|
Batting: LHB Mark Backstrom
|
0-0: Called Strike 0-1: Ball 1-1: Ball 2-1: SOLO HOME RUN (Line Drive, 89XD, EV 111.9 MPH), Distance : 444 ft
|
|
Batting: LHB Paul Collins
|
0-0: Foul Ball, location: 2F 0-1: Foul Ball, location: 2F 0-2: Ball 1-2: Ball 2-2: Foul Ball, location: 2F 2-2: Ground out 5-3 (Groundball, 56, EV 90.6 MPH)
|
|
Batting: RHB Chris Riddel
|
0-0: Ball 1-0: Foul Ball, location: 2F 1-1: Swinging Strike 1-2: Ground out 4-3 (Groundball, 34, EV 85.0 MPH)
|
|
Batting: RHB Jeremy Harden
|
0-0: Called Strike 0-1: Called Strike 0-2: Ball 1-2: SINGLE (Line Drive, 6M, EV 98.8 MPH)
|
|
Batting: RHB Ryan Miller
|
0-0: Foul Ball, location: 2F 0-1: SINGLE (Groundball, 4MD, EV 95.0 MPH) Jeremy Harden to second
|
|
Batting: SHB Jerry Duffy
|
0-0: Ball 1-0: Ball 2-0: Ground out 4-3 (Groundball, 4, EV 92.5 MPH)
|
| Top of the 5th over - 1 run, 3 hits, 0 errors, 2 left on base; Milwaukee (NYP) 10 - Williamsport 0 |
| BOTTOM OF THE 5TH |
|
Williamsport Crosscutters batting - Pitching for Milwaukee (NYP) Brewers : RHP Zack Sharp
|
|
Batting: RHB Pete Deschamps
|
0-0: Called Strike 0-1: Ground out 6-3 (Groundball, 6, EV 106.9 MPH)
|
|
Batting: RHB Ivan Barrientos
|
0-0: Foul Ball, location: 2F 0-1: Ground out 4-3 (Groundball, 4MD, EV 83.1 MPH)
|
|
Batting: RHB Dave Gallegos
|
0-0: Ground out 6-3 (Groundball, 6, EV 106.9 MPH)
|
| Bottom of the 5th over - 0 runs, 0 hits, 0 errors, 0 left on base; Milwaukee (NYP) 10 - Williamsport 0 |
| TOP OF THE 6TH |
|
Milwaukee (NYP) Brewers batting - Pitching for Williamsport Crosscutters : RHP Robert Chauvel
|
|
Batting: LHB Karel Hort
|
0-0: Ball 1-0: Ground out 4-3 (Groundball, 4, EV 104.4 MPH)
|
|
Batting: RHB Dan Allred
|
0-0: Called Strike 0-1: Called Strike 0-2: Ball 1-2: Foul Ball, location: 2F 1-2: Ball 2-2: SOLO HOME RUN (Flyball, 78XD, EV 98.1 MPH), Distance : 406 ft
|
|
Batting: RHB Juan Villanueva
|
0-0: Ball 1-0: Ball 2-0: Ball 3-0: Called Strike 3-1: Fly out, F8 (Line Drive, 8LM, EV 87.5 MPH)
|
|
Batting: LHB Mark Backstrom
|
0-0: Called Strike 0-1: SOLO HOME RUN (Flyball, 89XD, EV 100.6 MPH), Distance : 412 ft
|
|
Batting: LHB Paul Collins
|
0-0: Ball 1-0: Fly out, F8 (Flyball, 78D, EV 95.6 MPH)
|
| Top of the 6th over - 2 runs, 2 hits, 0 errors, 0 left on base; Milwaukee (NYP) 12 - Williamsport 0 |
| BOTTOM OF THE 6TH |
|
Williamsport Crosscutters batting - Pitching for Milwaukee (NYP) Brewers : RHP Zack Sharp
|
|
Batting: LHB Emilio Ortez
|
0-0: Foul Ball, location: 2F 0-1: Swinging Strike 0-2: Ball 1-2: Ground out 6-3 (Groundball, 6M, EV 85.6 MPH)
|
|
Batting: RHB Zach Slot
|
0-0: Ball 1-0: Ball 2-0: Ball 3-0: Called Strike 3-1: Swinging Strike 3-2: Foul Ball, location: 2F 3-2: Foul Ball, location: 2F 3-2: Strikes out swinging
|
|
Batting: RHB Joel Gomez
|
0-0: Called Strike 0-1: Ground out 6-3 (Groundball, 6, EV 87.5 MPH)
|
| Bottom of the 6th over - 0 runs, 0 hits, 0 errors, 0 left on base; Milwaukee (NYP) 12 - Williamsport 0 |
| TOP OF THE 7TH |
|
Milwaukee (NYP) Brewers batting - Pitching for Williamsport Crosscutters : RHP Robert Chauvel
|
|
Batting: RHB Chris Riddel
|
0-0: Ball 1-0: Ball 2-0: Ball 3-0: Base on Balls
|
|
Pitching: LHP Neal Chauveau
|
|
|
Batting: RHB Jeremy Harden
|
0-0: Ball 1-0: SINGLE (Groundball, 6D, EV 95.6 MPH) Chris Riddel to second
|
|
Batting: RHB Ryan Miller
|
0-0: Foul Ball, location: 2F 0-1: Foul Ball, location: 2F 0-2: Ball 1-2: Fly out, F9 (Flyball, 9, EV 81.9 MPH)
|
|
Batting: SHB Jerry Duffy
|
0-0: Ball 1-0: Foul Ball, location: 2F 1-1: Swinging Strike 1-2: Foul Ball, location: 2F 1-2: Strikes out swinging
|
|
Batting: LHB Karel Hort
|
0-0: Ball 1-0: Fly out, F7 (Flyball, 7D, EV 98.1 MPH)
|
| Top of the 7th over - 0 runs, 1 hit, 0 errors, 2 left on base; Milwaukee (NYP) 12 - Williamsport 0 |
| BOTTOM OF THE 7TH |
|
Williamsport Crosscutters batting - Pitching for Milwaukee (NYP) Brewers : RHP Zack Sharp
|
|
Batting: RHB Juan Valadez
|
0-0: Foul Ball, location: 2F 0-1: Ball 1-1: Swinging Strike 1-2: Ball 2-2: DOUBLE (Groundball, 5L, EV 104.4 MPH)
|
|
Pitching: LHP Baltwin van Vliet
|
|
|
Batting: RHB Eddie Serna
|
0-0: Ball 1-0: Ball 2-0: Ground out 5-3 (Groundball, 56, EV 86.2 MPH)
|
|
Batting: RHB Rafael Soto
|
0-0: Called Strike 0-1: Ball 1-1: Called Strike 1-2: Ground out 3-1 (Groundball, 13, EV 86.9 MPH) Juan Valadez to third
|
|
Batting: RHB Pete Deschamps
|
0-0: Called Strike 0-1: SINGLE (Flyball, 8RS, EV 94.4 MPH) Juan Valadez scores
|
|
Batting: RHB Ivan Barrientos
|
0-0: Called Strike 0-1: Swinging Strike 0-2: Ball 1-2: Foul Ball, location: 2F 1-2: Strikes out swinging
|
| Bottom of the 7th over - 1 run, 2 hits, 0 errors, 1 left on base; Milwaukee (NYP) 12 - Williamsport 1 |
| TOP OF THE 8TH |
|
Milwaukee (NYP) Brewers batting - Pitching for Williamsport Crosscutters : LHP Neal Chauveau
|
|
Batting: RHB Dan Allred
|
0-0: Called Strike 0-1: Fly out, F7 (Line Drive, 78M, EV 98.8 MPH)
|
|
Batting: RHB Juan Villanueva
|
0-0: Foul Ball, location: 2F 0-1: Ground out 4-3 (Groundball, 4M, EV 80.6 MPH)
|
|
Batting: LHB Mark Backstrom
|
0-0: Ball 1-0: Called Strike 1-1: Swinging Strike 1-2: Ball 2-2: Strikes out swinging
|
| Top of the 8th over - 0 runs, 0 hits, 0 errors, 0 left on base; Milwaukee (NYP) 12 - Williamsport 1 |
| BOTTOM OF THE 8TH |
|
Williamsport Crosscutters batting - Pitching for Milwaukee (NYP) Brewers : LHP Baltwin van Vliet
|
|
DELAY
|
Rain delay of 30 minutes in the 8th inning.
|
|
Batting: RHB Dave Gallegos
|
0-0: Ball 1-0: Foul Ball, location: 2F 1-1: Ball 2-1: SINGLE (Groundball, 34D, EV 96.9 MPH)
|
|
Batting: RHB Xavier Castellanos
|
0-0: Ball 1-0: Ball 2-0: Ball 3-0: Called Strike 3-1: Foul Ball, location: 2F 3-2: SINGLE (Groundball, P, EV 84.4 MPH) (infield hit) Dave Gallegos to second
|
|
Batting: RHB Zach Slot
|
0-0: Called Strike 0-1: Called Strike 0-2: Strikes out looking
|
|
Batting: RHB Joel Gomez
|
0-0: Ball 1-0: Foul Ball, location: 2F 1-1: Ball 2-1: Called Strike 2-2: Strikes out looking
|
|
Batting: RHB Juan Valadez
|
0-0: Ball 1-0: Called Strike 1-1: Ball 2-1: Swinging Strike 2-2: Ball 3-2: Base on Balls Dave Gallegos to third Xavier Castellanos to second
|
|
Pitching: RHP Tony Acevedo
|
|
|
Pinch Hitting: LHB Chris Moody
|
0-0: Ball 1-0: Fielders Choice at 2nd, U6 (Groundball, 4M, EV 85.0 MPH)
|
| Bottom of the 8th over - 0 runs, 2 hits, 0 errors, 3 left on base; Milwaukee (NYP) 12 - Williamsport 1 |
| TOP OF THE 9TH |
|
Milwaukee (NYP) Brewers batting - Pitching for Williamsport Crosscutters : LHP Neal Chauveau
|
|
Now at 2B: John Parra
|
|
|
Pinch Hitting: SHB Sam Bingham
|
0-0: Ball 1-0: Called Strike 1-1: Swinging Strike 1-2: Strikes out swinging
|
|
Batting: RHB Chris Riddel
|
0-0: Ball 1-0: Called Strike 1-1: Called Strike 1-2: Ball 2-2: Ground out U3 (Groundball, 34, EV 105.6 MPH)
|
|
Batting: RHB Jeremy Harden
|
0-0: Called Strike 0-1: Fly out, F8 (Flyball, 8RM, EV 92.5 MPH)
|
| Top of the 9th over - 0 runs, 0 hits, 0 errors, 0 left on base; Milwaukee (NYP) 12 - Williamsport 1 |
| BOTTOM OF THE 9TH |
|
Williamsport Crosscutters batting - Pitching for Milwaukee (NYP) Brewers : RHP Tony Acevedo
|
|
Now at 1B: Sal Burgos
|
|
|
Batting: RHB Rafael Soto
|
0-0: Called Strike 0-1: Ball 1-1: Ball 2-1: Fly out, F8 (Flyball, 8RS, EV 79.4 MPH)
|
|
Pinch Hitting: RHB Johnny Burroughs
|
0-0: Called Strike 0-1: Foul Ball, location: 2F 0-2: Ball 1-2: Ball 2-2: Foul Ball, location: 2F 2-2: DOUBLE (Line Drive, 9LS, EV 114.4 MPH)
|
|
Batting: RHB Ivan Barrientos
|
0-0: Foul Ball, location: 2F 0-1: Swinging Strike 0-2: Ball 1-2: Strikes out swinging
|
|
Pinch Hitting: SHB Art Kent
|
0-0: Ground out 6-3 (Groundball, 6, EV 88.8 MPH)
|
| Bottom of the 9th over - 0 runs, 1 hit, 0 errors, 1 left on base; Milwaukee (NYP) 12 - Williamsport 1 |
|